 Dungeon Crawl Stone Soup version 0.31.0-11-ge490571c62 (webtiles) character file.

Game seed: 13362351618494793628

39 qw the Shooter (level 3, -3/20 HPs)
             Began as a Deep Elf Hunter on Feb 3, 2024.
             Succumbed to a gnoll's poison
             ... on level 2 of the Dungeon.
             The game lasted 00:00:02 (893 turns).

qw the Shooter (Deep Elf Hunter)                     Turns: 893, Time: 00:00:03

Health: -3/20      AC:  6    Str: 10    XL:     3   Next: 26%
Magic:  5/5        EV: 11    Int: 13    God:
Gold:   112        SH:  0    Dex: 18    Spells: 2/2 levels left

rFire   . . .        a - +0 shortbow
rCold   . . .        (shield currently unavailable)
rNeg    . . .        l - +0 ring mail
rPois   .            (no helmet)
rElec   .            (no cloak)
rCorr   .            i - +0 pair of gloves
SInv    .            (no boots)
Will    .....        (no amulet)
Stlth   +            (no ring)
HPRegen 0.23/turn    (no ring)
MPRegen 0.09/turn

%: no passive effects
@: lethally poisoned (-3 -> -14)
A: no striking features
a: no special abilities


You were on level 2 of the Dungeon.
You visited 1 branch of the dungeon, and saw 2 of its levels.

You collected 112 gold pieces.


   Skills:
 - Level 1.5 Fighting
 + Level 6.8 Ranged Weapons
 - Level 2.4 Dodging
 - Level 1.2 Stealth


You had 2 spell levels left.
You didn't know any spells.
Your spell library was empty.

Inventory:

Hand Weapons
 a - a +0 shortbow (weapon)
Armour
 i - a +0 pair of gloves (worn)
 l - a +0 ring mail (worn)
Potions
 b - a potion of degeneration {unknown}
 e - a potion of might {unknown}
 g - a potion of enlightenment {unknown}
 k - a potion of magic {unknown}
 m - a potion of curing {unknown}

Dungeon Overview and Level Annotations

Branches:
Dungeon (2/15)

Altars:

Shops:
D:1 *


Message History

You shoot an arrow.
The arrow hits the giant cockroach but does no damage.
The giant cockroach is almost dead.
The giant cockroach bites you but does no damage.
The gnoll closely misses you.
You shoot an arrow.
The arrow hits the giant cockroach but does no damage.
The giant cockroach is almost dead.
You hear a shout!
The giant cockroach bites you but does no damage.
The gnoll hits you with a +0 club. The giant cockroach closely misses you.
A gnoll comes into view. It is wielding a +1 whip of venom.
You shoot an arrow.
The arrow barely misses the giant cockroach.
The giant cockroach completely misses you.
The endoplasm freezes you.
You are frozen.
The gnoll throws a javelin.
The javelin pierces through you but does no damage.
The gnoll closely misses you.
You shoot an arrow.
The arrow barely misses the giant cockroach.
The giant cockroach barely misses you. The endoplasm closely misses you.
The gnoll throws a javelin.
The javelin pierces through you. The gnoll closely misses you.
The giant cockroach misses you.
You shoot an arrow. The arrow hits the giant cockroach.
You kill the giant cockroach!
The endoplasm barely misses you. The gnoll barely misses you.
You shoot an arrow. The arrow closely misses the gnoll.
The endoplasm hits you. The gnoll barely misses you.
The gnoll hits you with a +0 club.
You shoot an arrow. The arrow barely misses the gnoll.
The endoplasm hits you but does no damage.
The gnoll hits you with a +1 whip of venom.
You are lethally poisoned!
The gnoll hits you but does no damage. The gnoll closely misses you. x2
The endoplasm freezes you.
You are frozen.
You shoot an arrow. The arrow hits the gnoll.
The gnoll is lightly wounded.
You die...

+. # #.##.
####.#..
....#.#####
#........ #.....$#
####..J...+
......g@%.#
......#g#....#
..... #.# ##.#
...? #.# ... #.#
###### .. #.#
.....# . #.#
.....###########.#
.....'...........#


You could see 2 gnolls and an endoplasm.

Vanquished Creatures
  2 gnolls (D:2)
  An endoplasm (D:1)
  2 giant cockroaches
  2 hobgoblins (D:1)
  4 ball pythons
  4 bats
  2 frilled lizards (D:1)
  A kobold (D:1)
  2 rats
20 creatures vanquished.

Notes
Turn   | Place    | Note
-------+----------+-------------------------------------------
     0 | D:1      | qw the Deep Elf Hunter began the quest for the Orb.
     0 | D:1      | Reached XP level 1. HP: 12/12 MP: 3/3
     0 | D:1      | 0 ||| qw: Version: 0.3-a-157-g843a77d
     0 | D:1      | 0 ||| qw: Game counter: 3649
     0 | D:1      | 0 ||| qw: Melee chars always use a shield: true
     0 | D:1      | 0 ||| qw: God list: Okawaru
     0 | D:1      | 0 ||| qw: Allow faded altars: false
     0 | D:1      | 0 ||| qw: Do Orc after clearing Dungeon:15 true
     0 | D:1      | 0 ||| qw: Do second Lair branch before Depths: true
     0 | D:1      | 0 ||| qw: Lair rune preference: random
     0 | D:1      | 0 ||| qw: Goals: Normal
     0 | D:1      | 0 ||| PLANNING D:1-11
   232 | D:1      | Found a faded altar of an unknown god.
   325 | D:1      | Reached skill level 6 in Ranged Weapons
   325 | D:1      | Reached XP level 2. HP: 16/16 MP: 4/4
   361 | D:1      | Found Ehuabo's General Store.
   369 | D:1      | 369 ||| SHOPLISTING potion of haste (140 gold, have 68).
   369 | D:1      | 369 ||| SHOPLISTING potion of mutation (112 gold, have 68).
   369 | D:1      | 369 ||| SHOPLISTING ring of Spontaneous Combustion {rPois
                  | Will+ SInv} (565 gold, have 68).
   369 | D:1      | 369 ||| SHOPLISTING scroll of enchant weapon (105 gold,
                  | have 68).
   675 | D:1      | 675 ||| UPGRADING to +0 pair of gloves.
   680 | D:1      | 680 ||| UPGRADING to +0 scale mail.
   690 | D:1      | 690 ||| DROPPING +0 leather armour.
   691 | D:1      | 691 ||| UPGRADING to +0 ring mail.
   701 | D:1      | 701 ||| DROPPING +0 scale mail.
   702 | D:1      | 702 ||| READING 2 scrolls labelled OMNYSA OMEUP.
   703 | D:1      | 703 ||| READING scroll labelled BYEDGHA ESYMIA.
   704 | D:1      | 704 ||| READING scroll labelled UNATA GOOCEI.
   705 | D:1      | 705 ||| DROPPING scroll of butterflies.
   706 | D:1      | 706 ||| DROPPING scroll of amnesia.
   746 | D:2      | Reached XP level 3. HP: 11/20 MP: 5/5
   892 | D:2      | HP: 4/20 [gnoll/+1 whip of venom (2)]
   892 | D:2      | HP: 1/20 [frozen (3)]
   893 | D:2      | Succumbed to a gnoll's poison

Levels and vault maps discovered:
D:1:      erik_arrival_orb_chamber, layout_loops_ring, serial_shops, shop,
          shapermc_ecumenical_altar_pompeii
D:2:      layout_basic, serial_park_tiny_pond, guppyfry_early_orc_mine

Skill      XL: |  1 |
---------------+----+-----
Ranged Weapons | 6 |  6.8
Fighting       | |  1.5
Dodging        | |  2.4
Stealth        | |  1.2

Action                     || total
---------------------------++-------
   Fire: Shortbow          ||    50
    Use: Scroll            ||     3
 Armour: Ring mail         ||    16
  Dodge: Dodged            ||    19

Table legend:
 A = Non-vault XP
 B = Vault XP
 C = Vault XP percentage of total XP
 D = Non-vault monster count
 E = Vault monster count
 F = Vault count percentage of total count
                 A         B        C        D         E       F
            +---------+---------+-------+---------+---------+-------
      Total |      56 |       0 |   0.0 |      20 |       0 |   0.0
            +---------+---------+-------+---------+---------+-------
        D:1 |      22 |       0 |   0.0 |      14 |       0 |   0.0
        D:2 |      34 |       0 |   0.0 |       6 |       0 |   0.0
            +---------+---------+-------+---------+---------+-------
